 Dungeon Crawl Stone Soup version 0.30-a0-799-g109b55a442 (webtiles) character file.

Game seed: 11031627079761665461

1099 Firecrotchwizard the Firebug (level 8, -5/41 HPs)
             Began as a Deep Elf Fire Elementalist on Feb 18, 2023.
             Slain by an ogre
             ... wielding a +0 giant spiked club
              (36 damage)
             ... on level 6 of the Dungeon on Feb 20, 2023.
             The game lasted 00:19:47 (5291 turns).

Firecrotchwizard the Firebug (DEFE)                 Turns: 5291, Time: 00:19:48

Health: -5/41      AC:  5    Str:  5    XL:     8   Next: 10%
Magic:  17/19      EV: 12    Int: 23    God:
Gold:   216        SH:  0    Dex: 15    Spells: 9/19 levels left

rFire   . . .      SeeInvis .    g - +0 dagger (venom)
rCold   . . .      Faith    .    (no shield)
rNeg    . . .      Spirit   .    a - +1 robe
rPois   .          Reflect  .    (no helmet)
rElec   .          Harm     .    (no cloak)
rCorr   .          Rampage  .    (no gloves)
Will    .....                    p - +1 pair of boots
Stlth   ++                       j - amulet of the acrobat
HPRegen 0.26/turn                (no ring)
MPRegen 0.16/turn                (no ring)

@: no status effects
A: no striking features
a: no special abilities


You were on level 6 of the Dungeon.
You visited 2 branches of the dungeon, and saw 7 of its levels.

You collected 216 gold pieces.

Inventory:

Hand Weapons
 d - a +0 spectral club
   (You took it off a goblin on level 1 of the Dungeon)
 g - a +0 dagger of venom (weapon)
   (You took it off a goblin on level 1 of the Dungeon)
Missiles
 b - 2 poisoned darts
 e - 5 boomerangs
 k - a throwing net {!d}
 q - 2 javelins
 s - 42 stones (quivered)
Armour
 a - a +1 robe (worn)
 p - a +1 pair of boots (worn)
   (You found it on level 4 of the Dungeon)
Jewellery
 j - an amulet of the acrobat (around neck)
   (You found it on level 4 of the Dungeon)
Wands
 i - a wand of roots (6)
   (You found it on level 5 of the Dungeon)
Scrolls
 c - a scroll of enchant weapon {unknown}
 m - a scroll of amnesia
 D - 2 scrolls of blinking {!r}
 Y - 2 scrolls of teleportation {@r3}
Potions
 f - a potion of invisibility {unknown}
 l - a potion of resistance {unknown}
 n - 2 potions of flight {unknown}
 o - a potion of lignification {unknown}
 r - a potion of ambrosia {unknown}
 B - 2 potions of brilliance
 J - 2 potions of curing {@q1}
 M - a potion of magic
 N - 3 potions of heal wounds {@q2}


   Skills:
 - Level 2.4 Dodging
 - Level 2.4 Stealth
 + Level 6.3 Spellcasting
 + Level 4.8 Conjurations
 + Level 1.6 Translocations
 - Level 2.0 Transmutations
 * Level 7.6 Fire Magic
 - Level 2.1 Poison Magic


You had 9 spell levels left.
You knew the following spells:

 Your Spells              Type           Power      Damage    Failure   Level
a - Foxfire               Conj/Fire      100%       2x1d9     1%          1
b - Ignite Poison         Fire/Tmut/Pois 25%        N/A       4%          3
c - Flame Wave            Conj/Fire      36%        2d10      6%          4
d - Blink                 Tloc           28%        N/A       6%          2

Your spell library contained the following spells:

 Spells                   Type           Power      Damage    Failure   Level
 Scorch                   Fire           84%        2d9       1%          2
 Shock                    Conj/Air       72%        1d7       3%          1
 Inner Flame              Hex/Fire       24%        N/A       5%          3
 Kindle Blastsparks       Fire/Tloc/Air  42%        2d13      7%          3
 Swiftness                Air            7%         N/A       24%         3
 Manifold Assault         Tloc           14%        N/A       38%         4
 Airstrike                Air            3%         2d(1-17)  63%         4
 Leda's Liquefaction      Hex/Erth       3%         N/A       63%         4
 Freezing Cloud           Conj/Ice/Air   7%         6-21      75%         5
 Lee's Rapid Deconstruct  Erth           3%         3d5*      92%         5
 Dispersal                Tloc           7%         N/A       100%        6
 Statue Form              Tmut/Erth      7%         N/A       100%        6
 Storm Form               Tmut/Air       5%         N/A       100%        7
 Disjunction              Tloc           7%         N/A       100%        8


Dungeon Overview and Level Annotations

Branches:
Dungeon (6/15)             Temple (1/1) D:5

Altars:
Cheibriados
Dithmenos
Elyvilon
Fedhas
Gozag
Hepliaklqana
Kikubaaqudgha
Makhleb
Nemelex Xobeh
Okawaru
Qazlal
Ru
Sif Muna
Uskayaw
Wu Jian
Yredelemnul
Zin
The Shining One

Annotations:
D:3 exclusion: door
D:4 exclusions: phantom and sky beast
D:5 3 runed translucent doors, Esekla's ghost, weakling OpDe


Message History

You conjure some foxfire!
The white imp closely misses you.
You now have 16/18 mp.
You closely miss the white imp.
The foxfire hits the white imp!
The white imp is burned terribly!
You kill the white imp!
You conjure some foxfire!
The foxfire hits the steam dragon.
You now have 15/18 mp.
You conjure some foxfire!
The foxfire hits the steam dragon.
The foxfire hits the steam dragon but does no damage.
You conjure some foxfire!
You now have 14/18 mp.
The foxfire hits the steam dragon but does no damage.
The foxfire hits the steam dragon!
The foxfire hits the steam dragon but does no damage.
You see here 2 potions of heal wounds {@q2}.
N - 3 potions of heal wounds {@q2} (gained 2)
The steam dragon breathes steam at you. The ball of steam hits you!!
Ouch! That really hurt!
You take 19 damage, and have 16/36 hp.
MASSIVE DAMAGE!!
You conjure some foxfire!
The steam dragon bites you.
The steam dragon claws you but does no damage.
You take 4 damage, and have 12/36 hp.
You now have 13/18 mp.
You hit the steam dragon but do no damage.
The steam dragon is poisoned.
Your punch misses the steam dragon.
The foxfire hits the steam dragon.
The foxfire hits the steam dragon but does no damage.
The steam dragon bites you.
* * * LOW HITPOINT WARNING * * *
The steam dragon closely misses you.
You take 2 damage, and have 10/36 hp.
The steam dragon completely misses you. The steam dragon misses you.
You conjure some foxfire!
The steam dragon bites you but does no damage.
The steam dragon barely misses you.
You now have 13/18 mp.
You hit the steam dragon but do no damage.
The steam dragon looks as sick as possible!
You kill the steam dragon!
A scorpion comes into view.
Your Translocations skill increases to level 1!
You have reached level 8!
You feel clever.
You regained 2 hp, and now have 12/41 hp.
You conjure some foxfire!
The foxfire hits the scorpion. x2
You now have 12/19 mp.
Sorry, you're not good enough to have a special ability.
You conjure some foxfire!
The foxfire hits the scorpion but does no damage. x2
You now have 11/19 mp.
You barely miss the scorpion.
The foxfire hits the scorpion. x2
The scorpion barely misses you.
You conjure some foxfire!
The scorpion stings you.
* * * LOW HITPOINT WARNING * * *
You take 1 damage, and have 12/41 hp.
You now have 11/19 mp.
You barely miss the scorpion.
The foxfire hits the scorpion but does no damage.
The foxfire hits the scorpion.
The scorpion barely misses you.
You conjure some foxfire!
The scorpion closely misses you. The scorpion stings you.
* * * LOW HITPOINT WARNING * * *
You take 2 damage, and have 10/41 hp.
You now have 10/19 mp.
You hit the scorpion.
The foxfire hits the scorpion.
The foxfire hits the scorpion!
You kill the scorpion!
You start resting.
Health restored: 41; MP restored: 19 You see here the +7 war axe "Totreuku" {vamp, Dex+3}.
You pick up a book of Air and begin reading...
You add the spells Shock, Swiftness and Airstrike to your library.
An adder comes into view.
You conjure some foxfire!
You now have 18/19 mp.
The foxfire hits the adder.
You conjure some foxfire!
You now have 17/19 mp.
There is not enough space to conjure foxfire!
The foxfire hits the adder.
You conjure some foxfire!
The foxfire hits the adder.
You now have 16/19 mp.
You hit the adder.
The adder is poisoned.
You kill the adder!
Unknown command.
D - 2 scrolls of blinking {!r} (gained 1)
You now have 216 gold pieces (gained 15).
c - a scroll labelled ELOUMO RIYFF MP restored: 19 An ogre comes into view.
It is wielding a +0 giant spiked club.
You conjure some foxfire!
The ogre hits you with a +0 giant spiked club!
You take 10 damage, and have 31/41 hp.
MASSIVE DAMAGE!!
You now have 18/19 mp.
You hit the ogre but do no damage.
The ogre is poisoned.
The foxfire hits the ogre. x2
You conjure some foxfire!
The ogre hits you with a +0 giant spiked club!!!
Ouch! That really hurt!
You die...

#.# #.# #.# #.# #.# #.#
#.# #.# #.# #.#
###.###########.#
##................
###v.#.###########.#
#.O@##.#...........#
......#v§..#.#####.....#
###.# #....#.##.........
.. +....#.##......... #
#...##.##.........
######.##.....)..#
#.##.....#### #.##.....#
#.##.....#


You could see an ogre (very poisoned, ally target).

Vanquished Creatures
  A steam dragon (D:6)
  An ice beast (D:4)
  An ogre (D:4)
  A phantom (D:5)
  3 scorpions
  An orc priest (D:4)
  3 hounds
  A gnoll bouda (D:5)
  2 iguanas (D:5)
  4 orc wizards (D:5)
  5 adders
  3 gnolls (D:5)
  3 river rats (D:5)
  2 shadow imps (D:5)
  A white imp (D:6)
  2 ufetubi (D:5)
  7 worms
  3 dart slugs
  13 orcs
  9 endoplasms
  2 giant cockroaches
  4 goblins
  5 hobgoblins
  4 jackals (D:3)
  A quokka (D:3)
  9 ball pythons
  2 bats (D:1)
  3 frilled lizards
  4 kobolds
  7 rats
107 creatures vanquished.

Vanquished Creatures (others)
  369 foxfires
369 creatures vanquished.

Grand Total: 476 creatures vanquished

Notes
Turn   | Place    | Note
-------+----------+-------------------------------------------
     0 | D:1      | Firecrotchwizard the Deep Elf Fire Elementalist began the
                  | quest for the Orb.
     0 | D:1      | Reached XP level 1. HP: 10/10 MP: 6/6
   297 | D:1      | Reached XP level 2. HP: 15/15 MP: 6/8
   708 | D:1      | Reached skill level 4 in Fire Magic
  1003 | D:1      | Reached XP level 3. HP: 17/19 MP: 10/10
  1325 | D:2      | Upgraded the game from 0.30-a0-782-ge64f9170bb to
                  | 0.30-a0-799-g109b55a442
  1329 | D:2      | Learned a level 3 spell: Ignite Poison
  1343 | D:2      | Reached skill level 2 in Conjurations
  1833 | D:3      | Noticed an ogre
  1919 | D:3      | Identified the +13 plate armour of the Sailor {Rampage rC+}
  2027 | D:3      | Reached XP level 4. HP: 24/24 MP: 8/11
  2169 | D:3      | Found a faded altar of an unknown god.
  2334 | D:4      | Reached skill level 4 in Spellcasting
  2473 | D:4      | Noticed an ogre
  2477 | D:4      | Noticed an ice beast
  2792 | D:4      | Reached skill level 5 in Fire Magic
  2792 | D:4      | Reached XP level 5. HP: 28/28 MP: 11/13
  2816 | D:4      | Reached skill level 1 in Poison Magic
  2910 | D:4      | Reached skill level 3 in Conjurations
  3041 | D:4      | Noticed a phantom
  3076 | D:4      | Killed an ogre
  3077 | D:4      | Reached XP level 6. HP: 32/32 MP: 9/15
  3082 | D:4      | Learned a level 4 spell: Flame Wave
  3206 | D:4      | Noticed a sky beast
  3351 | D:4      | Killed an ice beast
  3352 | D:4      | Reached skill level 5 in Spellcasting
  3352 | D:4      | Reached skill level 6 in Fire Magic
  3352 | D:4      | Reached skill level 2 in Poison Magic
  3434 | D:5      | Entered Level 5 of the Dungeon
  3567 | D:5      | Found a staircase to the Ecumenical Temple.
  3581 | Temple   | Entered the Ecumenical Temple
  3816 | D:5      | Reached XP level 7. HP: 36/36 MP: 7/17
  3937 | D:5      | HP: 8/36 [poisoned by an orc]
  3938 | D:5      | HP: 2/36 [orc/+1 whip of venom (4)]
  3948 | D:5      | HP: 7/36 [orc/+0 flail (3)]
  4134 | D:5      | Reached skill level 1 in Transmutations
  4179 | D:5      | Reached skill level 4 in Conjurations
  4300 | D:5      | Found a runed translucent gate.
  4300 | D:5      | Found a runed translucent gate.
  4302 | D:5      | Found a runed translucent gate.
  4305 | D:5      | Noticed Esekla's ghost (weakling OpDe)
  4710 | D:5      | Learned a level 2 spell: Blink
  4737 | D:5      | Reached skill level 6 in Spellcasting
  4737 | D:5      | Reached skill level 2 in Transmutations
  4737 | D:5      | Reached skill level 7 in Fire Magic
  5023 | D:6      | Noticed a steam dragon
  5037 | D:6      | Killed a steam dragon
  5038 | D:6      | Reached skill level 1 in Translocations
  5038 | D:6      | Reached XP level 8. HP: 12/41 MP: 13/19
  5043 | D:6      | HP: 10/41 [scorpion (3)]
  5167 | D:6      | Identified the +7 war axe "Totreuku" {vamp, Dex+3}
  5291 | D:6      | Slain by an ogre

Illustrated notes

Levels and vault maps discovered:
D:1:      dpeg_arrival_boxes_within_box, layout_loops_corners
D:2:      layout_rooms, lightli_corner_chamber
D:3:      layout_basic, hellmonk_ecumenical_altar_heavens_door,
          minmay_fractal_squares_gapless_5
D:4:      layout_rooms, general_overflow_altar, chequers_arboretum
D:5:      layout_loops_ring, minmay_temple_entry_junction, portal_sewer_entry_e,
          gammafunk_ghost_necromancy, grunt_decor_resistance,
          minmay_a_box_with_orc_wizards_in_it
D:6:      layout_basic, minmay_chambers_of_fives
Temple:   dpeg_three_leaves_temple

Skill      XL: |  1  2  3  4  5  6  7 |
---------------+----------------------+-----
Fire Magic     | 4 5 6 7 |  7.6
Conjurations   | 2 3 4 |  4.8
Spellcasting   | 4 5 6 |  6.3
Poison Magic   | 1 2 |  2.1
Transmutations | 2 |  2.0
Translocations | 1 |  1.6
Dodging        | |  2.4
Stealth        | |  2.4

Action                     |  1- 3 |  4- 6 |  7- 9 || total
---------------------------+-------+-------+-------++-------
  Melee: Dagger            |    21 |    20 |    27 ||    68
         Unarmed           |     1 |       |       ||     1
  Throw: Throwing net      |       |       |     1 ||     1
   Cast: Foxfire           |    72 |    77 |    82 ||   231
    Use: Scroll            |     8 |     1 |     1 ||    10
         Potion            |       |       |     1 ||     1
 Armour: Robe              |     2 |     1 |    12 ||    15
  Dodge: Dodged            |     9 |    18 |    23 ||    50

Table legend: (Time is in decaauts)
 A = Elapsed time spent in this place.
 B = Non-inter-level travel time spent in this place.
 C = Inter-level travel time spent in this place.
 D = Time resting spent in this place.
 E = Time spent auto-exploring this place.
 F = Levels seen in this place.
 G = Mean time per level.
                   A        B        C        D        E       F      G
               +--------+--------+--------+--------+--------+-----+--------+
         Total |   5291 |   5034 |    257 |    817 |   3416 |   7 |  755.9 |
       Dungeon |   5192 |   4968 |    224 |    817 |   3358 |   6 |  865.3 |
        Temple |     99 |     66 |     33 |      0 |     58 |   1 |   99.0 |
               +--------+--------+--------+--------+--------+-----+--------+

Top non-repeatable levels by time:
     D:5: 1480 daAuts
     D:1: 1110 daAuts
     D:4: 974 daAuts
     D:3: 800 daAuts
     D:2: 548 daAuts
     D:6: 277 daAuts
  Temple: 99 daAuts

Table legend:
 A = Kills in this place as a percentage of kills in entire the game.
 B = Kills by you in this place as a percentage of kills by you in the entire game.
 C = Kills by friends in this place as a percentage of kills by friends in the entire game.
 D = Other kills in this place as a percentage of other kills in the entire game.
 E = Experience gained in this place as a percentage of experience gained in the entire game.
 F = Experience gained in this place divided by the number of levels of this place that you have seen.
                   A       B       C       D       E      F
               +-------+-------+-------+-------+-------+----------------------
         Total | 100.0 | 100.0 |   N/A |   N/A | 100.0 | 224.3
       Dungeon | 100.0 | 100.0 |   N/A |   N/A | 100.0 | 261.7
               +-------+-------+-------+-------+-------+----------------------
